 Dungeon Crawl Stone Soup version 0.29-a0-356-g7bc237e783 (webtiles) character file.

Game seed: 5682586056662787571

29 domi the Magician (level 3, 0/36 HPs)
             Began as a Demonspawn Hedge Wizard on Apr 26, 2022.
             Slain by Terence
             ... wielding a +0 trident
              (5 damage)
             ... on level 2 of the Dungeon.
             The game lasted 00:02:53 (1390 turns).

domi the Magician (Demonspawn Hedge Wizard)         Turns: 1390, Time: 00:02:54

Health: 0/36       AC: 21    Str: 10    XL:     3   Next: 1%
Magic:  4/7        EV:  2    Int: 17    God:
Gold:   30         SH:  0    Dex: 12    Spells: 7/8 levels left

rFire   . . .      SeeInvis .   a - +0 dagger
rCold   . . .      Faith    .   (no shield)
rNeg    . . .      Spirit   .   (body armour currently unavailable)
rPois   +          Reflect  .   (helmet currently unavailable)
rElec   .          Harm     .   (cloak currently unavailable)
rCorr   .          Rampage  .   (gloves currently unavailable)
Will    .....      NoTele   +   (boots currently unavailable)
Stlth   ++........              (no amulet)
HPRegen 0.12/turn               (no ring)
MPRegen 0.10/turn               (no ring)

@: tree-form
A: stationary, stasis, torment immunity, boosted hp, powered by pain 2
a: no special abilities


You were on level 2 of the Dungeon.
You were a tree.
You visited 1 branch of the dungeon, and saw 2 of its levels.

You collected 30 gold pieces.

Inventory:

Hand Weapons
 a - a +0 dagger (weapon)
Armour
 b - a +0 robe (melded)
 c - a +0 hat (melded)
Scrolls
 f - 2 scrolls of identify {unknown}
 g - 4 scrolls of enchant weapon {unknown}
 h - a scroll of amnesia {unknown}
 j - a scroll of teleportation {unknown}
Potions
 e - 2 potions of mutation {unknown}
 i - a potion of heal wounds {unknown}
 k - a potion of lignification {!q!q}
 l - a potion of berserk rage {unknown}


   Skills:
 - Level 1.7 Dodging
 - Level 1.7 Stealth
 - Level 3.0 Spellcasting
 + Level 3.0 Conjurations
 - Level 1.0 Summonings
 - Level 0.8 Translocations


You had 7 spell levels left.
You knew the following spells:

 Your Spells              Type           Power      Damage    Failure   Level
z - Magic Dart            Conj           48%        1d5       4%          1

Your spell library contained the following spells:

 Spells                   Type           Power      Damage    Failure   Level
 Slow                     Hex            8%         N/A       17%         1
 Call Imp                 Summ           5%         N/A       17%         2
 Blink                    Tloc           10%        N/A       19%         2
 Sublimation of Blood     Necr           2%         N/A       26%         2
 Conjure Flame            Conj/Fire      7%         6-21      28%         3
 Mephitic Cloud           Conj/Pois/Air  6%         N/A       34%         3
 Petrify                  Tmut/Erth      2%         N/A       86%         4
 Irradiate                Conj/Tmut      3%         3d14      95%         5
 Manifold Assault         Tloc           5%         N/A       98%         5
 Storm Form               Tmut/Air       1%         N/A       100%        7


Dungeon Overview and Level Annotations

Branches:
Dungeon (2/15)

Altars:

Annotations:
D:2 Terence


Innate Abilities, Weirdness & Mutations

You are a tree.
Your roots penetrate the ground, keeping you stationary.
You cannot be teleported.
You are immune to unholy pain and torment.
Your maximum health is greatly increased.
Your equipment is partially melded.
You sometimes gain power by taking damage.


Message History

A hobgoblin is nearby!
Aim: a hobgoblin (wandering, hasn't noticed you, 100% to hit)
The magic dart hits the hobgoblin but does no damage.
The hobgoblin shouts!
You now have 1/6 mp.
You can't see any susceptible monsters within range! (Use Z to cast anyway.)
You can't see any susceptible monsters within range! (Use Z to cast anyway.)
You can't see any susceptible monsters within range! (Use Z to cast anyway.)
You start resting.
A hobgoblin is nearby!
Aim: a hobgoblin (100% to hit)
The magic dart hits the hobgoblin.
You now have 1/6 mp.
Aim: a hobgoblin (heavily wounded, 100% to hit)
The magic dart hits the hobgoblin.
You kill the hobgoblin!
You have reached level 3!
Your experience leads to an increase in your attributes!
Increase (s)trength, (i)ntelligence, or (d)exterity?
You feel clever. x2; Your demonic ancestry asserts itself...
You feel even more energised by your suffering.
You regained 5 hp, and now have 22/24 hp.
You now have 0/7 mp.
You start resting.
Health restored: 24; MP restored: 7
Things that are here:
a bat corpse; an adder corpse You see here a hobgoblin corpse.
Found a stone staircase leading down.
Terence the Incautious comes into view.
He is wielding a +0 trident.
A rat comes into view.
Aim: Terence, wielding a +0 trident and wearing a +0 chain mail (100% to hit)
The magic dart hits Terence.
You now have 6/7 mp.
Aim: Terence, wielding a +0 trident and wearing a +0 chain mail (moderately wounded, 100% to hit)
The magic dart hits Terence but does no damage.
You now have 5/7 mp.
You don't know that spell.
Unknown command.
You start resting.
Terence is nearby!
Aim: Terence, wielding a +0 trident and wearing a +0 chain mail (moderately wounded, 100% to hit)
The magic dart hits Terence but does no damage.
Terence hits you with a +0 trident!
You take 8 damage, and have 16/24 hp.
MASSIVE DAMAGE!!
You now have 4/7 mp.
Unknown command.
Aim: Terence, wielding a +0 trident and wearing a +0 chain mail (moderately wounded, 100% to hit)
The magic dart hits Terence.
Terence barely misses you.
You now have 3/7 mp.
Aim: Terence, wielding a +0 trident and wearing a +0 chain mail (moderately wounded, 100% to hit)
The magic dart hits Terence but does no damage.
Terence closely misses you.
Unknown command.
Aim: Terence, wielding a +0 trident and wearing a +0 chain mail (moderately wounded, 100% to hit)
The magic dart hits Terence.
Terence screams, "I want your blood!" Terence barely misses you.
You now have 2/7 mp.
Aim: Terence, wielding a +0 trident and wearing a +0 chain mail (moderately wounded, 100% to hit)
The magic dart hits Terence but does no damage.
Terence closely misses you.
You now have 1/7 mp.
Aim: Terence, wielding a +0 trident and wearing a +0 chain mail (moderately wounded, 100% to hit)
The magic dart hits Terence.
Terence hits you with a +0 trident.
You take 3 damage, and have 13/24 hp.
You now have 0/7 mp.
You barely miss Terence. Terence barely misses you.
You barely miss Terence. Terence barely misses you.
You hit Terence but do no damage. Terence closely misses you.
You barely miss Terence. Terence closely misses you.
You hit Terence but do no damage. Terence misses you.
You closely miss Terence. You punch Terence, but do no damage.
Terence closely misses you.
You hit Terence. Terence hits you with a +0 trident.
You take 3 damage, and have 11/24 hp.
You barely miss Terence. You punch Terence, but do no damage.
Terence hits you with a +0 trident.
* * * LOW HITPOINT WARNING * * *
You take 5 damage, and have 6/24 hp.
MASSIVE DAMAGE!!
It was a potion of lignification.
You turn into a tree.
Your +0 hat melds into your body.
Your +0 robe melds into your body.
Your roots penetrate the ground.
Terence hits you but does no damage.
You now have 9/36 hp.
Magic courses through your body. Terence hits you with a +0 trident.
* * * LOW HITPOINT WARNING * * *
You take 4 damage, and have 5/36 hp.
MP restored: 7
Aim: Terence, wielding a +0 trident and wearing a +0 chain mail (moderately wounded, 100% to hit)
The magic dart hits Terence but does no damage.
Terence hits you but does no damage.
You now have 6/7 mp.
Aim: Terence, wielding a +0 trident and wearing a +0 chain mail (moderately wounded, 100% to hit)
The magic dart hits Terence.
Terence hits you but does no damage.
You now have 5/7 mp.
Aim: Terence, wielding a +0 trident and wearing a +0 chain mail (heavily wounded, 100% to hit)
The magic dart hits Terence but does no damage.
Terence hits you with a +0 trident.
You die...

....#############
#.[......††....#
###........#####.#
#..........# #.# ##
#.........# #.##
.###........# #..#
##.#.#.......# ##.#
..........<..# #.#
##.#.#♣.....# #.#
#..###@##########.#
#.#.#.##......†##.#
#.>.@.#.8#####8.#.#
#.r##.#†##...##.#.#
#.. #.#.#.8.8.#.#.#
....
..#....>..#.'.#
.#.#.
#.#.#.8.8.#.#.# #
#r#.
#.#†##...##.#.#


You could see Terence.

Vanquished Creatures
  An adder (D:2)
  An endoplasm (D:1)
  A goblin (D:1)
  3 hobgoblins (D:2)
  4 quokkas (D:1)
  6 bats
  A frilled lizard (D:1)
  3 rats (D:1)
20 creatures vanquished.

Notes
Turn   | Place    | Note
-------+----------+-------------------------------------------
     0 | D:1      | domi the Demonspawn Hedge Wizard began the quest for the
                  | Orb.
     0 | D:1      | Reached XP level 1. HP: 13/13 MP: 4/4
   307 | D:1      | Reached skill level 2 in Conjurations
   358 | D:1      | Gained mutation: You sometimes gain a little power by
                  | taking damage. [demonic ancestry]
   358 | D:1      | Reached XP level 2. HP: 18/19 MP: 1/6
  1274 | D:2      | Reached skill level 3 in Conjurations
  1285 | D:2      | Gained mutation: You sometimes gain power by taking damage.
                  | [demonic ancestry]
  1285 | D:2      | Reached XP level 3. HP: 22/24 MP: 0/7
  1364 | D:2      | Noticed Terence
  1385 | D:2      | HP: 6/24 [Terence/+0 trident (5)]
  1390 | D:2      | Slain by Terence

Illustrated notes

Levels and vault maps discovered:
D:1:      dpeg_arrival_water_fire, layout_basic
D:2:      layout_loops_ring, grunt_ministairs_11, uniq_terence, uniq_robin,
          uniq_sigmund

Skill      XL: |  1  2 |
---------------+-------+-----
Conjurations   | 2 3 |  3.0
Dodging        | |  1.7
Stealth        | |  1.7
Spellcasting   | |  3.0
Summonings     | |  1.0
Translocations | |  0.8

Action                   || total
-------------------------++-------
Melee: Dagger            ||    17
       Punch             ||     2
 Cast: Magic Dart        ||    60
  Use: Potion            ||     2
 Stab: Sleeping          ||     1
Armor: Robe              ||    10
       Skin              ||     3
Dodge: Dodged            ||    37

Table legend: (Time is in decaauts)
 A = Elapsed time spent in this place.
 B = Non-inter-level travel time spent in this place.
 C = Inter-level travel time spent in this place.
 D = Time resting spent in this place.
 E = Time spent auto-exploring this place.
 F = Levels seen in this place.
 G = Mean time per level.
                   A        B        C        D        E       F      G
               +--------+--------+--------+--------+--------+-----+--------+
         Total |   1393 |   1379 |     14 |    150 |   1078 |   2 |  696.5 |
       Dungeon |   1393 |   1379 |     14 |    150 |   1078 |   2 |  696.5 |
               +--------+--------+--------+--------+--------+-----+--------+

Top non-repeatable levels by time:
     D:1: 1064 daAuts
     D:2: 328 daAuts

Table legend:
 A = Kills in this place as a percentage of kills in entire the game.
 B = Kills by you in this place as a percentage of kills by you in the entire game.
 C = Kills by friends in this place as a percentage of kills by friends in the entire game.
 D = Other kills in this place as a percentage of other kills in the entire game.
 E = Experience gained in this place as a percentage of experience gained in the entire game.
 F = Experience gained in this place divided by the number of levels of this place that you have seen.
                   A       B       C       D       E      F
               +-------+-------+-------+-------+-------+----------------------
         Total | 100.0 | 100.0 |   N/A |   N/A | 100.0 |  21.0
       Dungeon | 100.0 | 100.0 |   N/A |   N/A | 100.0 |  21.0
               +-------+-------+-------+-------+-------+----------------------
